Map: Romanticide LE

Players

Chriztian - Winner!

  • Race: Protoss Protoss
  • League: Silver

Meiko

  • Race: Terran Terran
  • League: Gold

VOD

Have the link to the VOD?

Description

Time

  • Played on: Oct. 11, 2021, 10:19 p.m.
  • Length: 9:59
Show
View Real Time Build Order
Export as new Build Order

Chriztian Protoss - Winner!

Build Orders: Proxy Void Ray 

Get SALT Encoding   

  12  0:03  Probe (Chrono Boost)  
  13  0:15  Probe (Chrono Boost)  
  13  0:21  Probe  
  14  0:27  Pylon  
  15  0:40  Assimilator  
  15  0:44  Assimilator  
  15  0:45  Probe  
  16  0:52  Forge  
  16  0:57  Probe (Chrono Boost)  
  17  1:09  Probe (Chrono Boost)  
  18  1:15  Gateway  
  18  1:21  Probe (Chrono Boost)  
  19  1:33  Photon Cannon, Probe  
  20  1:45  Probe  
  21  1:57  Probe  
  22  2:06  Pylon  
  22  2:10  Probe (Chrono Boost)  
  22  2:14  Cybernetics Core  
  23  2:23  Probe (Chrono Boost)  
  24  2:30  Photon Cannon  
  24  2:32  Photon Cannon  
  24  2:47  Pylon  
  24  2:57  Shield Battery  
  24  3:03  Stargate  
  24  3:04  Stargate  
  24  3:12  Shield Battery  
  24  3:14  Shield Battery  
  24  3:41  Void Ray  
  24  3:43  Void Ray, Pylon  
  32  4:10  Photon Cannon  
  32  4:11  Photon Cannon  
  32  4:13  Shield Battery  
  32  4:16  Shield Battery  
  32  4:21  Shield Battery  
  32  4:26  Shield Battery  
  32  5:31  Void Ray x2  
  36  6:08  Void Ray x2  
  36  6:15  Photon Cannon  
  44  6:20  Shield Battery  
  44  7:04  Pylon x2  
  44  7:07  Pylon  
  44  7:16  Void Ray x2  
  52  7:53  Void Ray x2  
  52  8:30  Void Ray x2  
  60  8:52  Robotics Facility  
  60  9:07  Void Ray  
Show
View Real Time Build Order
Export as new Build Order

Meiko Terran 

Build Orders: Reaper Expand 

Get SALT Encoding   

  12  0:00  SCV  
  13  0:12  SCV  
  14  0:18  Supply Depot  
  14  0:24  SCV  
  15  0:39  SCV  
  15  0:41  Barracks  
  16  0:51  SCV  
  16  0:55  Refinery  
  17  1:04  SCV  
  18  1:16  SCV  
  20  1:33  Orbital Command  
  20  1:38  Supply Depot  
  19  1:41  Reaper  
  20  1:51  Command Center  
  20  2:01  SCV  
  21  2:13  Marine  
  22  2:18  Factory  
  22  2:21  SCV  
  23  2:30  Marine  
  24  2:47  SCV  
  25  2:51  Refinery  
  25  2:56  Bunker  
  25  2:59  SCV  
  25  3:01  Hellion  
  25  3:05  Starport  
  28  3:06  Orbital Command  
  28  3:10  Marine  
  29  3:18  SCV  
  30  3:28  Marine  
  30  3:29  Orbital Command  
  30  3:30  SCV  
  30  3:32  Bunker  
  32  3:45  Medivac  
  32  3:46  Marine  
  35  4:04  Marine  
  36  4:14  Supply Depot  
  36  4:24  Barracks Reactor  
  36  4:27  Factory Tech Lab  
  36  4:30  Starport Tech Lab  
  36  4:36  SCV  
  36  5:06  Refinery  
  35  5:09  Cyclone  
  35  5:10  Marine x2  
  32  5:30  SCV  
  31  5:36  Marine  
  31  5:37  Marine  
  31  5:38  Refinery  
  31  5:40  Refinery  
  31  5:41  Viking  
  31  5:42  SCV  
  36  5:47  Orbital Command  
  35  5:54  SCV, Marine  
  36  6:03  Cyclone  
  39  6:05  Marine  
  39  6:06  SCV  
  41  6:12  Marine  
  42  6:19  SCV  
  42  6:23  Marine  
  44  6:30  Marine  
  36  6:41  Marine  
  36  6:46  Cyclone  
  40  6:48  Marine  
  44  7:08  Engineering Bay  
  44  7:22  Cyclone  
  43  7:36  Viking x2  
  46  7:44  Engineering Bay  
  46  7:55  Cyclone  
  46  7:56  SCV  
  50  8:03  Supply Depot  
  50  8:04  Supply Depot x2  
  50  8:09  SCV  
  49  8:21  Viking x2, SCV  
  54  8:33  SCV  
  53  8:45  SCV  
  53  8:47  Refinery  
  54  8:51  Missile Turret  
  54  8:54  Missile Turret  
  54  8:55  Missile Turret  
  54  9:02  Missile Turret  
  54  9:03  Missile Turret  
  35  9:32  Missile Turret  
Tags
 
Add a new tag
Caveats
  • Supply blocks, unpowered buildings, or Contaminate may cause inaccurate times.
  • Supply counts are checked every 10 seconds.